 Dungeon Crawl Stone Soup version 0.21.1-1-g345015f (webtiles) character file.

4538 sking99 the Spear-Bearer (level 10, -16/79 (80) HPs)
             Began as a Demonspawn Gladiator on June 28, 2018.
             Was a Follower of Qazlal.
             Demolished by a two-headed ogre
             ... wielding a +0 giant club
              (19 damage)
             ... on level 9 of the Dungeon.
             The game lasted 00:27:13 (10467 turns).

sking99 the Spear-Bearer (Demonspawn Gladiator)    Turns: 10467, Time: 00:27:14

HP:   -16/79 (80)   AC: 14    Str: 19    XL:     10   Next: 17%
MP:   13/14         EV:  8    Int:  9    God:    Qazlal [*.....]
Gold: 427           SH:  2    Dex: 14    Spells: 9/9 levels left

rFire    . . .     SeeInvis .   a - +1 trident
rCold    + . .     Gourm    .   (no shield)
rNeg     + + .     Faith    .   l - +0 chain mail
rPois    .         Spirit   .   c - +0 helmet
rElec    .         Reflect  .   (no cloak)
rCorr    .         Harm     .   z - +0 pair of gloves
MR       .....                  u - +1 pair of boots
Stlth    ..........             (no amulet)
HPRegen  0.23/turn              m - ring of positive energy
MPRegen  0.14/turn              p - ring of positive energy

@: about to teleport, berserk cooldown, slowed, very slow
A: slimy green scales 1, cold resistance 1, demonic guardian 1, freezing cloud
immunity
a: Renounce Religion


You were on level 9 of the Dungeon.
You worshipped Qazlal.
Qazlal was aware of your devotion.
You were not hungry.

You visited 2 branches of the dungeon, and saw 10 of its levels.

You collected 427 gold pieces.

Inventory:

Hand Weapons
 a - a +1 trident (weapon)
Missiles
 d - 3 throwing nets (quivered)
Armour
 b - a +0 leather armour
 c - a +0 helmet (worn)
 e - a +0 large shield
 g - a +0 ring mail
 l - a +0 chain mail (worn)
 u - a +1 pair of boots (worn)
 z - a +0 pair of gloves (worn)
Jewellery
 m - a ring of positive energy (left hand)
 p - a ring of positive energy (right hand)
 t - a -5 ring of evasion
 w - an uncursed ring of fire {unknown}
Wands
 n - a wand of flame (44)
 r - a wand of iceblast (6)
 B - a wand of disintegration (15)
Scrolls
 j - 3 scrolls of teleportation
 k - 5 scrolls of remove curse
 q - 5 scrolls of identify
Potions
 h - 2 potions of brilliance
 i - 2 potions of flight
 v - a potion of curing
 x - 4 potions of degeneration {unknown}
Comestibles
 f - 14 rations
 s - 4 chunks of flesh


   Skills:
 + Level 8.1 Fighting
 * Level 11.0 Polearms
 - Level 1.7 Throwing
 - Level 2.6 Dodging
 - Level 1.5 Stealth
 + Level 5.5 Invocations


You had 9 spell levels left.
You didn't know any spells.

Dungeon Overview and Level Annotations

Branches:
Dungeon (9/15)             Temple (1/1) D:6
   Lair: D:8-11         Orc: D:9-12

Altars:
Ashenzari
Cheibriados
Dithmenos
Elyvilon
Fedhas
Gozag
Hepliaklqana
Kikubaaqudgha
Makhleb
Nemelex Xobeh
Okawaru
Qazlal
Ru
Sif Muna
Trog
Uskayaw
Vehumet
Wu Jian
Xom
Yredelemnul
Zin
The Shining One

Shops:
D:5 [=}[


Innate Abilities, Weirdness & Mutations

You are partially covered in slimy green scales. (AC +2)
Your flesh is cold resistant. (rC+)
A weak demonic guardian rushes to your aid.
You are immune to freezing clouds.


Message History

Your ufetubus hits the two-headed ogre.
Your ufetubus barely misses the two-headed ogre.
Your ufetubus hits the two-headed ogre.
The two-headed ogre closely misses your ufetubus.
The two-headed ogre hits your ufetubus with a giant spiked club!!
Your ufetubus dies!
A water moccasin comes into view.
You hear the faint creaking of a distant portcullis.
Found 2 potions of haste.
The water moccasin barely misses your ufetubus.
Your ufetubus closely misses the water moccasin.
Your ufetubus misses the water moccasin.
The water moccasin bites your ufetubus!
Your ufetubus dies!
You hear a bellow!
As you read the scroll of teleportation, it crumbles to dust.
You feel strangely unstable. The water moccasin bites you!
* * * LOW HITPOINT WARNING * * *
The two-headed ogre hits you with a giant club!!
You die...

#......# ...!..........#
#......#
...............###......#
.........................#
.........................#
.........................####
.........$................<.#
............O.5............#
#.........S@.............#
#.....#######'###........#
#.....#.........#........#
#...O.#.........#........#
#...#+#.........#........#
#...#...........#........#
#...'...........#......###
#...'...........#......#
#...######......#......#


You could see a two-headed ogre, a water moccasin and a friendly shadow imp.

Vanquished Creatures
  A two-headed ogre (D:8)
  A manticore (D:9)
  Duvessa (D:4)
  An ice beast (D:5)
  A necrophage (D:6)
  An orc warrior (D:8)
  A black bear (D:7)
  3 phantoms
  4 sky beasts
  3 ogres
  4 centaurs
  2 bullfrogs
  A gnoll sergeant (D:8)
  2 scorpions
  A water moccasin zombie (D:7)
  Dowan (D:4)
  2 howler monkeys
  2 crimson imps (D:5)
  A quasit (D:6)
  A bullfrog skeleton (D:4)
  A jelly (D:6)
  3 orc priests (D:6)
  A gnoll shaman (D:7)
  5 hounds
  Crazy Yiuf (D:4)
  6 orc wizards
  6 worker ants
  A hound skeleton (D:7)
  16 gnolls
  A howler monkey skeleton (D:5)
  13 adders
  An ooze (D:1)
  An adder skeleton (D:7)
  7 worms
  A dart slug (D:1)
  3 leopard geckos
  23 orcs
  9 giant cockroaches
  7 goblins
  5 hobgoblins
  12 jackals
  A quokka (D:6)
  3 ball pythons
  12 bats
  7 frilled lizards
  6 kobolds
  8 rats
194 creatures vanquished.

Vanquished Creatures (collateral kills)
  A hippogriff (D:7)
  An orc warrior (D:6)
  An ice beast (D:8)
  An ogre (D:8)
  A bullfrog (D:7)
  4 orcs
9 creatures vanquished.

Grand Total: 203 creatures vanquished

Notes
Turn   | Place    | Note
-------+----------+-------------------------------------------
     0 | D:1      | sking99 the Demonspawn Gladiator began the quest for the Orb.
     0 | D:1      | Reached XP level 1. HP: 16/16 MP: 1/1
   201 | D:1      | Reached skill level 3 in Polearms
   238 | D:1      | Gained mutation: Your flesh is cold resistant. (rC+) [demonic ancestry]
   238 | D:1      | Reached XP level 2. HP: 20/22 MP: 2/2
   456 | D:1      | Reached skill level 1 in Stealth
   479 | D:1      | Gained mutation: You are partially covered in slimy green scales. (AC +2) [demonic ancestry]
   479 | D:1      | Reached XP level 3. HP: 13/27 MP: 3/3
  1186 | D:2      | Reached skill level 4 in Polearms
  1270 | D:2      | Reached XP level 4. HP: 29/34 MP: 4/4
  2144 | D:3      | Reached XP level 5. HP: 22/39 MP: 5/5
  2845 | D:4      | Noticed Dowan
  2895 | D:4      | Killed Dowan
  2895 | D:4      | Reached skill level 5 in Polearms
  3255 | D:4      | Gained mutation: You are immune to freezing clouds. [demonic ancestry]
  3255 | D:4      | Reached XP level 6. HP: 44/47 MP: 6/6
  3456 | D:4      | Reached skill level 6 in Polearms
  3644 | D:4      | Reached XP level 7. HP: 50/54 MP: 7/7
  3759 | D:4      | Noticed Duvessa
  4152 | D:4      | Found a runed door.
  4307 | D:4      | Noticed Crazy Yiuf
  4318 | D:4      | Killed Crazy Yiuf
  4639 | D:4      | Killed Duvessa
  4801 | D:5      | Entered Level 5 of the Dungeon
  4873 | D:5      | Reached skill level 7 in Polearms
  5146 | D:5      | Found Picosuip's Jewellery Boutique.
  5233 | D:5      | Reached skill level 5 in Fighting
  5331 | D:5      | Gained mutation: A weak demonic guardian rushes to your aid. [demonic ancestry]
  5331 | D:5      | Reached XP level 8. HP: 61/62 MP: 8/8
  5559 | D:5      | Reached skill level 8 in Polearms
  5579 | D:5      | Found Cafuox's Gadget Emporium.
  5609 | D:5      | Found Giob's Armour Emporium.
  5868 | D:5      | Found Boemnitre's Armour Emporium.
  6050 | D:6      | Found a staircase to the Ecumenical Temple.
  6056 | Temple   | Entered the Ecumenical Temple
  6272 | Temple   | Became a worshipper of Qazlal Stormbringer
  6618 | D:6      | Found a glowing drain.
  6707 | D:6      | Reached skill level 9 in Polearms
  6875 | D:6      | Reached * piety under Qazlal
  7178 | D:6      | Reached XP level 9. HP: 58/70 MP: 9/9
  7321 | D:6      | Found a shattered altar of Ashenzari.
  7323 | D:6      | Found a bloodstained altar of Trog.
  7325 | D:6      | Found a hide-covered altar of Uskayaw.
  7354 | D:6      | Found a basalt altar of Yredelemnul.
  8028 | D:7      | Reached skill level 1 in Invocations
  8168 | D:7      | Reached skill level 10 in Polearms
  8727 | D:8      | Noticed a two-headed ogre
  8742 | D:8      | Killed a two-headed ogre
  9386 | D:8      | Reached ** piety under Qazlal
  9778 | D:8      | Reached XP level 10. HP: 59/79 MP: 13/13
  9798 | D:8      | Reached skill level 5 in Invocations
 10385 | D:9      | Noticed a manticore
 10399 | D:9      | Killed a manticore
 10399 | D:9      | Reached skill level 11 in Polearms
 10438 | D:9      | Noticed a two-headed ogre
 10467 | D:9      | HP: 3/79 [water moccasin (7)]
 10467 | D:9      | Demolished by a two-headed ogre

Skill      XL: |  1  2  3  4  5  6  7  8  9 10 |
---------------+-------------------------------+-----
Polearms       | 3 4 5 6 7 9 10 11 | 11.0
Stealth        | 1 |  1.5
Fighting       | 3 4 5 6 7 8 |  8.1
Invocations    | 4 5 |  5.5
Throwing       | |  1.7
Dodging        | |  2.6

Action                   |  1- 3 |  4- 6 |  7- 9 | 10-12 || total
-------------------------+-------+-------+-------+-------++-------
Melee: Trident           |   133 |   226 |   643 |    37 ||  1039
Invok: Upheaval          |       |       |       |     2 ||     2
  Use: Scroll            |       |     9 |     5 |     3 ||    17
       Potion            |       |       |     2 |     1 ||     3
 Stab: Sleeping          |       |     7 |       |       ||     7
       Distracted        |       |       |     3 |       ||     3
  Eat: Chunk             |     1 |     8 |    13 |     3 ||    25
       Ration            |       |       |     2 |       ||     2
Armor: Leather armour    |    54 |    36 |       |       ||    90
       Ring mail         |       |    26 |     9 |       ||    35
       Chain mail        |       |       |   268 |     8 ||   276
Dodge: Dodged            |   111 |    98 |   166 |    12 ||   387
Block: Other             |       |       |    16 |     2 ||    18
